 Dungeon Crawl Stone Soup version 0.29-a0-866-g0545e20025 (webtiles) character file.

Game seed: 12580053840459536278

3725 27snakeeyes612 the Cudgeller (level 9, -4/89 HPs)
             Began as a Troll Berserker on July 17, 2022.
             Was an Elder of Trog.
             Slain by an orc warrior
             ... wielding a +0 war axe
              (17 damage)
             ... in a bailey.
             The game lasted 00:11:24 (7281 turns).

27snakeeyes612 the Cudgeller (Troll Berserker)      Turns: 7281, Time: 00:11:24

Health: -4/89      AC:  7    Str: 31    XL:     9   Next: 92%
Magic:  0/8        EV: 11    Int:  3    God:    Trog [****..]
Gold:   323        SH:  0    Dex:  9    Spells: 8/8 levels left

rFire   . . .      SeeInvis .   w - +1 giant spiked club (protect)
rCold   . . .      Faith    .   (shield currently unavailable)
rNeg    . . .      Spirit   +   B - +0 steam dragon scales
rPois   .          Reflect  .   (helmet restricted)
rElec   .          Harm     .   (no cloak)
rCorr   .          Rampage  .   (gloves unavailable)
Will    .....                   (boots unavailable)
Stlth   +.........              b - amulet of guardian spirit
HPRegen 1.04/turn               (no ring)
MPRegen 0.11/turn               (no ring)

@: no status effects
A: large, unfitting armour, claws 3, regeneration 1, shaggy fur 1, tough skin 1
a: Renounce Religion, Berserk, Trog's Hand, Brothers in Arms


You were in a bailey.
You worshipped Trog.
Trog was greatly pleased with you.
You visited 1 branch of the dungeon, and saw 8 of its levels.
You also visited: Bailey.

You collected 323 gold pieces.

Inventory:

Hand Weapons
 a - a +0 mace
 w - a +1 giant spiked club of protection (weapon)
 x - a +0 flail
 D - a +2 mace of protection
Missiles
 c - 18 poisoned darts (quivered)
 q - 4 atropa-tipped darts
 v - 5 javelins
Armour
 t - a +1 robe
 B - +0 steam dragon scales (worn)
Jewellery
 b - an amulet of guardian spirit (around neck)
 y - an amulet of the acrobat
Wands
 u - a wand of flame (23)
 z - a wand of paralysis (4)
Scrolls
 i - a scroll of teleportation
 k - 2 scrolls of enchant armour
 o - a scroll of poison
 s - 2 scrolls of noise
Potions
 d - 3 potions of haste
 e - 2 potions of degeneration
 f - 2 potions of invisibility
 g - 2 potions of brilliance
 h - 3 potions of curing {unknown}
 j - 3 potions of might {unknown}
 l - a potion of resistance {unknown}
 m - a potion of lignification {unknown}
 n - a potion of cancellation {unknown}
 r - 2 potions of attraction {unknown}
 A - a potion of flight {unknown}
 C - a potion of berserk rage {unknown}


   Skills:
 + Level 6.0 Fighting
 + Level 6.6 Maces & Flails
 + Level 5.8 Throwing
 + Level 6.0 Dodging
 + Level 3.9 Evocations


You had 8 spell levels left.
You didn't know any spells.
Your spell library was empty.

Dungeon Overview and Level Annotations

Branches:
Dungeon (8/15)             Temple (0/1) D:5          Bailey (1/1)
   Lair: D:8-11

Altars:
Cheibriados
Elyvilon
Fedhas
Hepliaklqana
Makhleb
Qazlal
Ru
The Shining One

Annotations:
D:4 3 runed translucent doors, aves's ghost, amateur DsCA


Innate Abilities, Weirdness & Mutations

You are too large for most types of armour.
You have claws for hands.
Your natural rate of healing is unusually fast.
You are covered in fur. (AC +1)
You have tough skin. (AC +1)


Message History

The hobgoblin hits you but does no damage. x2
You impale the hobgoblin!!
You kill the hobgoblin!
Trog accepts your kill. The hobgoblin barely misses you.
You crush the orc like a grape!!!
You kill the orc!
Trog accepts your kill.
The hobgoblin hits you but does no damage. x2
The orc warrior hits you with a +0 war axe!
You hit the orc warrior but do no damage.
The hobgoblin hits you but does no damage.
The orc warrior hits you with a +0 war axe.
You closely miss the orc warrior.
You recover from your berserk rage.
The hobgoblin hits you with a +0 hand axe.
The orc warrior barely misses you.
The hobgoblin hits you but does no damage.
The orc warrior hits you with a +0 war axe!
You closely miss the orc warrior. The hobgoblin barely misses you.
The orc warrior completely misses you.
You puncture the orc warrior!
The orc warrior is heavily wounded.
The hobgoblin hits you but does no damage.
The orc warrior hits you with a +0 war axe.
The hobgoblin hits you but does no damage.
The orc warrior hits you but does no damage.
You closely miss the orc warrior.
The orc warrior is heavily wounded.
The hobgoblin hits you but does no damage.
The orc warrior hits you with a +0 war axe!
* * * LOW HITPOINT WARNING * * *
You closely miss the orc warrior.
The orc warrior is heavily wounded.
The hobgoblin barely misses you.
The orc warrior hits you with a +0 war axe!
* * * LOW HITPOINT WARNING * * *
The hobgoblin hits you but does no damage.
The orc warrior hits you with a +0 war axe!!
You die...

≈≈≈# ≈≈≈# ≈≈≈#
############### ≈≈≈#
#.......#gg...+ ≈≈≈#
#.8.8.8.@og...#
≈≈≈######...###########
≈≈≈≈.#..))..#
≈≈≈≈.#...)..#
≈≈≈≈.#''#####
≈≈≈≈.#.....#
.....+)....#
.....+).⌠..#
.....+.....#


You could see an orc warrior, 2 hobgoblins and a goblin.

Vanquished Creatures
  A gargoyle (D:7)
  2 vault sentinels (D:8)
  A steam dragon (D:8)
  2 water moccasins (D:7)
  A black bear (D:6)
  2 ice beasts (D:6)
  A sky beast (D:6)
  5 orc warriors
  2 ogres (D:5)
  A phantom (D:6)
  A bullfrog (D:7)
  Blork the orc (D:4)
  A necrophage (D:6)
  2 scorpions (D:5)
  3 hounds
  2 gnoll boudas
  7 jellies
  Jessica (D:2)
  2 iguanas
  10 orc wizards
  Natasha (twice) (D:3)
  8 gnolls
  7 adders
  A river rat (D:5)
  5 white imps
  3 worms
  2 dart slugs (D:1)
  9 orcs
  8 bats
  11 endoplasms
  9 giant cockroaches
  11 goblins
  9 hobgoblins
  8 jackals
  8 quokkas
  5 ball pythons
  4 frilled lizards
  4 kobolds
  4 rats
166 creatures vanquished.

Vanquished Creatures (others)
  An orc wizard (D:7)
  A gnoll (D:7)
2 creatures vanquished.

Grand Total: 168 creatures vanquished

Notes
Turn   | Place    | Note
-------+----------+-------------------------------------------
     0 | D:1      | 27snakeeyes612 the Troll Berserker began the quest for the
                  | Orb.
     0 | D:1      | Reached XP level 1. HP: 22/22 MP: 0/0
   134 | D:1      | Reached XP level 2. HP: 25/29 MP: 1/1
   474 | D:1      | Reached skill level 1 in Throwing
   692 | D:1      | Reached XP level 3. HP: 32/36 MP: 2/2
   838 | D:2      | Reached ** piety under Trog
   953 | D:2      | Identified the +4 short sword of Ash {speed, *Slow rF+
                  | Dex+4}
   977 | D:2      | Reached XP level 4. HP: 28/44 MP: 3/3
  1068 | D:2      | Noticed Jessica
  1076 | D:2      | Killed Jessica
  1699 | D:3      | Noticed Natasha
  1707 | D:3      | Killed Natasha
  1708 | D:3      | Reached XP level 5. HP: 48/53 MP: 4/4
  2082 | D:3      | Found a faded altar of an unknown god.
  2191 | D:3      | Noticed Natasha
  2199 | D:3      | Killed Natasha
  2383 | D:4      | Found a blossoming altar of Fedhas.
  2461 | D:4      | Noticed Blork the orc
  2469 | D:4      | Killed Blork the orc
  2470 | D:4      | Reached XP level 6. HP: 57/61 MP: 5/5
  2569 | D:4      | Found a runed translucent gate.
  2569 | D:4      | Found a runed translucent gate.
  2569 | D:4      | Found a runed translucent gate.
  2570 | D:4      | Noticed aves's ghost (amateur DsCA)
  2871 | D:5      | Entered Level 5 of the Dungeon
  3017 | D:5      | Reached *** piety under Trog
  3018 | D:5      | Reached XP level 7. HP: 60/68 MP: 4/6
  3305 | D:5      | Identified the +2 leather armour of Daisies {rF- Dex+4
                  | Slay+4}
  3407 | D:5      | Found a staircase to the Ecumenical Temple.
  3435 | D:5      | Found a white marble altar of Elyvilon.
  3539 | D:5      | Found a burning altar of Makhleb.
  3539 | D:5      | Found a glowing golden altar of the Shining One.
  3541 | D:5      | Found a hazy altar of Hepliaklqana.
  3566 | D:5      | Reached skill level 1 in Evocations
  4331 | D:6      | Reached XP level 8. HP: 40/79 MP: 4/7
  4402 | D:6      | Reached skill level 5 in Maces & Flails
  4992 | D:6      | Found a sacrificial altar of Ru.
  5907 | D:7      | Reached skill level 5 in Fighting
  5910 | D:7      | Reached skill level 5 in Dodging
  5977 | D:7      | Noticed a gargoyle
  5984 | D:7      | Killed a gargoyle
  5985 | D:7      | Reached XP level 9. HP: 78/88 MP: 4/8
  6206 | D:7      | Reached skill level 5 in Throwing
  6658 | D:7      | Found a stormy altar of Qazlal.
  6784 | D:8      | Found a snail-covered altar of Cheibriados.
  6844 | D:8      | Noticed a vault sentinel
  6844 | D:8      | Noticed a vault sentinel
  6847 | D:8      | Killed a vault sentinel
  6867 | D:8      | Killed a vault sentinel
  6900 | D:8      | Found the +18 shield of the Gong {rElec rN+ Will+ EV-5}
  7024 | D:8      | Found a flagged portal.
  7026 | D:8      | Reached **** piety under Trog
  7031 | Bailey   | Entered a bailey
  7281 | Bailey   | Slain by an orc warrior

Illustrated notes

Levels and vault maps discovered:
D:1:      dpeg_arrival_simpleton_b, layout_loops_ring
D:2:      layout_basic, uniq_jessica
D:3:      layout_basic, nicolae_ecumenical_pavilion, uniq_natasha
D:4:      layout_basic, lemuel_doored_altar, gammafunk_ghost_necromancy,
          uniq_blork_the_orc
D:5:      layout_gridville, nicolae_elyvilon_peaceful_grove,
          nicolae_overflow_hidden_temple, minmay_temple_entry_slanted,
          gup_sewer_entry_spiral, minmay_holes
D:6:      layout_layer_cave, nicolae_ru_awakened_eye, kennysheep_generic_room_15
D:7:      layout_loops_ring, nicolae_qazlal_eye_of_the_storm,
          minmay_a_box_with_orc_wizards_in_it
D:8:      layout_rooms, nicolae_overflow_crystal_walls, serial_shops, shop,
          enter_bailey_3, grunt_ministairs_15, hellmonk_guarded_unrand_gong
Bailey:   bailey_axe_of_yendor_kennysheep, bailey

Skill      XL: |  1  2  3  4  5  6  7  8  9 |
---------------+----------------------------+-----
Maces & Flails | 3 4 5 6 |  6.6
Throwing       | 1 2 3 4 5 |  5.8
Fighting       | 3 4 5 6 |  6.0
Dodging        | 3 4 5 6 |  6.0
Evocations     | 1 2 3 |  3.9

Action                   |  1- 3 |  4- 6 |  7- 9 || total
-------------------------+-------+-------+-------++-------
Melee: Mace              |   128 |   140 |   321 ||   589
       Punch             |     1 |       |     4 ||     5
       Giant spiked club |       |       |    26 ||    26
       Flail             |       |       |    83 ||    83
Throw: Dart              |       |    14 |    21 ||    35
       Javelin           |       |       |    16 ||    16
Invok: Berserk           |     3 |     3 |     9 ||    15
       Trog's Hand       |       |     1 |     4 ||     5
Evoke: Wand              |       |       |    10 ||    10
  Use: Scroll            |       |       |    16 ||    16
 Stab: Sleeping          |       |     1 |     1 ||     2
Armor: Animal skin       |    61 |    34 |       ||    95
       Robe              |       |     7 |   126 ||   133
       Steam dragon scal |       |       |    45 ||    45
Dodge: Dodged            |    94 |    66 |   212 ||   372

Table legend: (Time is in decaauts)
 A = Elapsed time spent in this place.
 B = Non-inter-level travel time spent in this place.
 C = Inter-level travel time spent in this place.
 D = Time resting spent in this place.
 E = Time spent auto-exploring this place.
 F = Levels seen in this place.
 G = Mean time per level.
                   A        B        C        D        E       F      G
               +--------+--------+--------+--------+--------+-----+--------+
         Total |   7571 |   7156 |    415 |    692 |   4875 |   9 |  841.2 |
       Dungeon |   7303 |   6888 |    415 |    535 |   4872 |   8 |  912.9 |
        Bailey |    267 |    267 |      0 |    156 |      3 |   1 |  267.0 |
               +--------+--------+--------+--------+--------+-----+--------+

Top non-repeatable levels by time:
     D:6: 1729 daAuts
     D:5: 1206 daAuts
     D:7: 1063 daAuts
     D:2: 898 daAuts
     D:1: 858 daAuts
     D:3: 696 daAuts
     D:4: 524 daAuts
     D:8: 327 daAuts
  Bailey: 267 daAuts
